 Dungeon Crawl Stone Soup version 0.27-a0-988-g25969acef8 (webtiles) character file.

Game seed: 15371746804063878952

2 Lugonue the Magician (level 1, -1/10 HPs)
             Began as a Kobold Hedge Wizard on Apr 15, 2021.
             Slain by a quokka (3 damage)
             ... on level 1 of the Dungeon.
             The game lasted 00:00:26 (201 turns).

Lugonue the Magician (Kobold Hedge Wizard)           Turns: 201, Time: 00:00:26

Health: -1/10      AC:  2    Str:  7    XL:     1   Next: 33%
Magic:  4/4        EV: 14    Int: 15    God:
Gold:   0          SH:  0    Dex: 14    Spells: 5/6 levels left

rFire    . . .     SeeInvis .   a - +0 dagger
rCold    . . .     Faith    .   (shield restricted)
rNeg     . . .     Spirit   .   b - +0 robe
rPois    .         Reflect  .   c - +0 hat
rElec    .         Harm     .   (no cloak)
rCorr    .         Rampage  .   (no gloves)
Will     .....                  (no boots)
Stlth    +++.......             (no amulet)
HPRegen  0.03/turn              (no ring)
MPRegen  0.09/turn              (no ring)

@: no status effects
A: small, no large weapons, nightstalker 3
a: no special abilities


You were on level 1 of the Dungeon.
You visited 1 branch of the dungeon, and saw 1 of its levels.

Inventory:

Hand Weapons
 a - a +0 dagger (weapon)
Armour
 b - a +0 robe (worn)
 c - a +0 hat (worn)


   Skills:
 + Level 2.5 Dodging
 + Level 2.6 Stealth
 + Level 3.3 Spellcasting
 + Level 1.0 Conjurations
 + Level 1.0 Summonings
 + Level 1.0 Translocations


You had 5 spell levels left.
You knew the following spells:

 Your Spells              Type           Power      Damage    Failure   Level
a - Magic Dart            Conj           20%        1d4       13%         1

Your spell library contained the following spells:

 Spells                   Type           Power      Damage    Failure   Level
 Blink                    Tloc           N/A        N/A       19%         2
 Call Imp                 Summ           5%         N/A       19%         2
 Slow                     Hex            2%         N/A       28%         2
 Conjure Flame            Conj/Fire      4%         6-21      43%         3
 Mephitic Cloud           Conj/Pois/Air  3%         N/A       45%         3


Dungeon Overview and Level Annotations

Branches:
Dungeon (1/15)

Altars:


Innate Abilities, Weirdness & Mutations

You are small and have problems with some larger weapons.
You are completely attuned to the shadows.


Message History

A ball python comes into view.
A ball python is nearby!
A kobold comes into view. It is wielding a +0 dagger.
The helpless ball python fails to defend itself.
You puncture the ball python!
You kill the ball python!
The helpless kobold fails to defend itself.
You puncture the kobold!
You kill the kobold!
No target in view!
Things that are here:
a +0 dagger; a kobold corpse A quokka comes into view.
A quokka is nearby!
You barely miss the quokka. The quokka bites you.
You barely miss the quokka. The quokka closely misses you.
The quokka twitches its whiskers.
The quokka bites you.
Ouch! That really hurt!
You are too injured to fight recklessly!
You hit the quokka.
The quokka is moderately wounded.
The quokka closely misses you.
You hit the quokka but do no damage. The quokka bites you.
* * * LOW HITPOINT WARNING * * *
The quokka closely misses you.
Things that are here:
a +0 dagger; a kobold corpse The quokka misses you.
The quokka barely misses you.
The quokka bites you but does no damage.
Found a stone staircase leading down.
You hit the quokka but do no damage. The quokka completely misses you.
You aren't carrying any items that you can evoke.
Unknown command.
You aren't carrying any potions.
Unknown command.
The quokka barely misses you. The quokka bites you.
You die...

#..........###
#..######...>#
#..# #....#
#..# ##.#.#
#..# #.#.# #.)#
#...# #..#
#...#
#..#######...#
#.......@r...#
##.########....
#.# .... #.#
.... #.#


You could see a quokka.

Vanquished Creatures
  A kobold (D:1)
  A ball python (D:1)
2 creatures vanquished.

Notes
Turn   | Place    | Note
-------+----------+-------------------------------------------
     0 | D:1      | Lugonue the Kobold Hedge Wizard began the quest for the
                  | Orb.
     0 | D:1      | Reached XP level 1. HP: 10/10 MP: 4/4
   201 | D:1      | Slain by a quokka

Illustrated notes

Levels and vault maps discovered:
D:1:      dpeg_arrival_water_fire, layout_basic, minmay_tetromino_l2

Action                   || total
-------------------------++-------
Melee: Dagger            ||     7
 Stab: Sleeping          ||     2
Armor: Robe              ||     1
Dodge: Dodged            ||     7

Table legend: (Time is in decaauts)
 A = Elapsed time spent in this place.
 B = Non-inter-level travel time spent in this place.
 C = Inter-level travel time spent in this place.
 D = Time resting spent in this place.
 E = Time spent auto-exploring this place.
 F = Levels seen in this place.
 G = Mean time per level.
                   A        B        C        D        E       F      G
               +--------+--------+--------+--------+--------+-----+--------+
         Total |    201 |    201 |      0 |      0 |    157 |   1 |  201.0 |
       Dungeon |    201 |    201 |      0 |      0 |    157 |   1 |  201.0 |
               +--------+--------+--------+--------+--------+-----+--------+

Top non-repeatable levels by time:
     D:1: 201 daAuts
